 Dungeon Crawl Stone Soup version 0.28.0-53-g5a82cb258f (webtiles) character file.

Game seed: 10784770003473409876

159 gobodom the Stinger (level 5, -7/35 HPs)
             Began as a Demonspawn Venom Mage on June 9, 2022.
             Killed by an exploding phantom (23 damage)
             ... ignited by their inner flame
             ... on level 4 of the Dungeon.
             The game lasted 00:15:12 (4153 turns).

gobodom the Stinger (Demonspawn Venom Mage)         Turns: 4153, Time: 00:15:14

Health: -7/35      AC:  3    Str: 11    XL:     5   Next: 17%
Magic:  6/9        EV: 12    Int: 16    God:
Gold:   182        SH:  0    Dex: 13    Spells: 8/9 levels left

rFire   . . .      SeeInvis .   p - +0 dagger (elec)
rCold   . . .      Faith    .   (no shield)
rNeg    . . .      Spirit   .   a - +0 robe
rPois   .          Reflect  .   (no helmet)
rElec   .          Harm     .   (no cloak)
rCorr   .          Rampage  .   (no gloves)
Will    .....                   o - +0 pair of boots
Stlth   ++........              (no amulet)
HPRegen 0.11/turn               (no ring)
MPRegen 0.11/turn               (no ring)

@: no status effects
A: claws 1
a: no special abilities


You were on level 4 of the Dungeon.
You visited 1 branch of the dungeon, and saw 4 of its levels.

You collected 182 gold pieces.

Inventory:

Hand Weapons
 p - a +0 dagger of electrocution (weapon)
Missiles
 q - 2 poisoned darts (quivered)
Armour
 a - a +0 robe (worn)
 k - an orb of wrath
 o - a +0 pair of boots (worn)
Scrolls
 b - a scroll of noise {unknown}
 c - a scroll of magic mapping {unknown}
 e - 3 scrolls of teleportation {unknown}
 f - a scroll of acquirement {unknown}
 j - a scroll of silence {unknown}
 m - a scroll of immolation
Potions
 d - a potion of might
 g - a potion of attraction
 h - a potion of brilliance
 i - a potion of cancellation {unknown}
 n - a potion of lignification
 r - a potion of mutation {unknown}


   Skills:
 + Level 0.1 Fighting
 + Level 0.1 Short Blades
 + Level 2.3 Dodging
 + Level 2.4 Stealth
 + Level 1.7 Unarmed Combat
 + Level 2.6 Spellcasting
 + Level 2.0 Transmutations
 + Level 3.6 Poison Magic


You had 8 spell levels left.
You knew the following spells:

 Your Spells              Type           Power      Damage    Failure   Level
a - Sting                 Tmut/Pois      44%        1d5       6%          1

Your spell library contained the following spells:

 Spells                   Type           Power      Damage    Failure   Level
 Poisonous Vapours        Pois/Air       16%        N/A       14%         2
 Freeze                   Ice            8%         1d3       19%         1
 Mephitic Cloud           Conj/Pois/Air  6%         N/A       34%         3
 Olgreb's Toxic Radiance  Pois           13%        N/A       41%         4
 Frozen Ramparts          Ice            4%         1d2       50%         3
 Hailstorm                Conj/Ice       2%         3d3       88%         4


Dungeon Overview and Level Annotations

Branches:
Dungeon (4/15)
 Temple: D:4-7

Altars:
Hepliaklqana


Innate Abilities, Weirdness & Mutations

You have sharp fingernails.


Message History

The sting hits Natasha.
Natasha is poisoned.
Natasha is moderately wounded.
Natasha mumbles some strange words.
You hit the phantom. Lightning courses through the phantom!
The phantom is heavily damaged.
The phantom closely misses you. The crimson imp hits you.
You closely miss the phantom.
The phantom is heavily damaged.
The phantom hits you!
The phantom blinks!
You blink.
As you read the scroll of immolation, it crumbles to dust.
The creatures around you are filled with an inner flame!
Natasha closely misses you. The phantom barely misses you.
The phantom barely misses you. Natasha claws you!
* * * LOW HITPOINT WARNING * * *
You feel better.
Flame seeps out of Natasha.
The phantom hits you.
The phantom blinks!
You blink.
Natasha is engulfed in blazing flames.
Natasha growls in agony!
The crimson imp disappears in a puff of smoke!
Natasha explodes!
The fiery explosion engulfs the orc!!!
The orc explodes!
Your magical contamination has completely faded away.
Your Transmutations skill increases to level 2!
You have reached level 5!
Casting: Sting (safe; 6% risk of failure)
Confirm with . or Enter, or press ? or * to list all spells.
Aiming: Sting (safe; 6% risk of failure)
Press: ? - help, Shift-Dir - straight line, f - phantom
Aim: a phantom (moderately damaged, inner flame, 60% to hit)
The sting misses the phantom.
The phantom hits you.
* * * LOW HITPOINT WARNING * * *
You feel better. The phantom hits you.
The phantom blinks!
You blink.
You hit the phantom but do no damage. Lightning courses through the phantom!
Flame seeps out of the phantom.
The phantom is almost destroyed.
The phantom is engulfed in blazing flames.
The phantom explodes!
The fiery explosion engulfs you!!
Ouch! That really hurt!
You die...

#..........###.. ##.#
##.........# #..# #.##
##.........##?.## ##.#
#..............# #..##
##.............#
##§..####
...........###§......#
..........§§§.########
.......)..§○#.#
#.......@###.#
#......#.# #.#
##...##### ## ####


There were no monsters in sight!

Vanquished Creatures
  A phantom (D:4)
  A centaur skeleton (D:3)
  A hound (D:4)
  Natasha (D:4)
  An adder (D:2)
  2 dart slugs (D:2)
  2 orcs
  7 ball pythons
  6 endoplasms
  4 giant cockroaches
  6 goblins
  8 hobgoblins
  4 jackals (D:2)
  2 kobolds
  A quokka (D:2)
  3 bats
  3 frilled lizards (D:1)
  6 rats
59 creatures vanquished.

Notes
Turn   | Place    | Note
-------+----------+-------------------------------------------
     0 | D:1      | gobodom the Demonspawn Venom Mage began the quest for the
                  | Orb.
     0 | D:1      | Reached XP level 1. HP: 13/13 MP: 3/3
   160 | D:1      | Found a faded altar of an unknown god.
   400 | D:1      | Gained mutation: You have sharp fingernails. [demonic
                  | ancestry]
   400 | D:1      | Reached XP level 2. HP: 19/19 MP: 1/5
  1347 | D:2      | Reached XP level 3. HP: 21/24 MP: 4/6
  1515 | D:2      | Reached skill level 1 in Transmutations
  1701 | D:2      | Reached skill level 1 in Unarmed Combat
  2435 | D:3      | Found a hazy altar of Hepliaklqana.
  2544 | D:3      | Reached XP level 4. HP: 16/30 MP: 5/7
  4134 | D:4      | Noticed Natasha
  4136 | D:4      | Noticed a phantom
  4146 | D:4      | Killed Natasha
  4147 | D:4      | Reached XP level 5. HP: 14/35 MP: 6/9
  4153 | D:4      | Killed a phantom
  4153 | D:4      | Killed by an exploding phantom... ignited by their inner
                  | flame

Illustrated notes

Levels and vault maps discovered:
D:1:      saegor_arrival_simple_a, layout_loops_ring,
          ebering_ecumenical_altar_mist
D:2:      layout_basic
D:3:      layout_basic, mainiacjoe_overflow_small_starburst
D:4:      layout_layer_cave, uniq_ijyb, uniq_natasha, uniq_edmund

Skill      XL: |  1  2  3  4 |
---------------+-------------+-----
Dodging        | 2 |  2.3
Stealth        | 2 |  2.4
Transmutations | 1 2 |  2.0
Unarmed Combat | 1 |  1.7
Fighting       | |  0.1
Short Blades   | |  0.1
Spellcasting   | |  2.6
Poison Magic   | |  3.6

Action                   |  1- 3 |  4- 6 || total
-------------------------+-------+-------++-------
Melee: Unarmed           |   100 |    14 ||   114
       Short sword       |    11 |       ||    11
       Punch             |     2 |     1 ||     3
       Dagger            |       |    28 ||    28
Throw: Dart              |       |     1 ||     1
 Cast: Sting             |    33 |     4 ||    37
  Use: Scroll            |     5 |     2 ||     7
       Potion            |       |     2 ||     2
 Stab: Sleeping          |     4 |     4 ||     8
Armor: Robe              |    17 |     3 ||    20
Dodge: Dodged            |    83 |    25 ||   108
